Match 25031803
Unlisted

Match 25031803
End
Selects Italian Combined Arms Battlegroup
Selects Bersaglieri Squad
Bersaglieri Squad
Panzergrenadier Squad
Panzergrenadier Squad
Construct Light Support Kompanie
2.5-tonne Medical Truck
Selects Bersaglieri Bolster
Assault Grenadier Squad
Fire Support Elements
le.IG 18 Mechanized Group
Selects Semovente da 75/18 Assault Gun
Construct Panzerarmee Kommand
Selects Strafing Run
Strafing Run
le.IG 18 Mechanized Group
Strafing Run
Selects Pact of Steel
Semovente da 75/18 Assault Gun
Strafing Run
MG34 Team
Panzer III L Medium Tank
Strafing Run
Tungsten Core Ammunition
Selects Vehicle Support - Force Recon
Emergency Repair Kits
Strafing Run
ElitestAIMERX
Rastamouse
CemeteryWind
Murloc Guy
Ranbs
abs59il
gb_gbg
SneaKerz
0
0

Comments sign in to comment!

No comments posted yet!